 Dungeon Crawl Stone Soup version 0.25-a0-647-gd602d06 (webtiles) character file.

Game seed: 4091062972561502584, levelgen mode: deterministic

248 Faca the Skirmisher (level 6, -2/51 HPs)
             Began as a Human Fighter on Mar 21, 2020.
             Slain by an adder (4 damage)
             ... on level 3 of the Dungeon.
             The game lasted 00:04:46 (2373 turns).

Faca the Skirmisher (Human Fighter)                 Turns: 2373, Time: 00:04:47

Health: -2/51      AC:  6    Str: 22    XL:     6   Next: 34%
Magic:  6/6        EV:  7    Int:  8    God:
Gold:   154        SH:  9    Dex: 12    Spells: 5/5 levels left

rFire    . . .     SeeInvis .   a - +1 long sword
rCold    . . .     Gourm    .   c - +0 kite shield
rNeg     . . .     Faith    .   b - +0 scale mail
rPois    .         Spirit   .   (no helmet)
rElec    .         Reflect  .   (no cloak)
rCorr    .         Harm     .   (no gloves)
MR       .....                  (no boots)
Stlth    ..........             (no amulet)
HPRegen  0.17/turn              l - +3 ring of strength
MPRegen  0.10/turn              (no ring)

@: lethally poisoned (-2 -> -2)
A: no striking features
a: no special abilities


You were on level 3 of the Dungeon.
You were not hungry.

You visited 1 branch of the dungeon, and saw 3 of its levels.

You collected 154 gold pieces.

Inventory:

Hand Weapons
 a - a +1 long sword (weapon)
Armour
 b - a +0 scale mail (worn)
 c - a +0 kite shield (worn)
Jewellery
 l - a +3 ring of strength (left hand)
Scrolls
 e - 4 scrolls of identify
 g - a scroll of teleportation
 j - a scroll of amnesia {unknown}
Potions
 d - 3 potions of might
 h - a potion of flight
Comestibles
 f - 2 rations
 i - a chunk of flesh


   Skills:
 + Level 5.1 Fighting
 + Level 4.5 Long Blades
 - Level 3.0 Armour
 - Level 3.0 Shields


You had 5 spell levels left.
You didn't know any spells.
Your spell library was empty.

Dungeon Overview and Level Annotations

Branches:
Dungeon (3/15)

Altars:


Message History

You feel sick. You block the adder's attack. The adder barely misses you.
You riposte.
You closely miss the adder. You miss the adder. The adder closely misses you.
You completely miss the adder.
The adder bites you but does no damage. x2
You hit the adder.
The adder is lightly wounded.
You feel sick. You block the adder's attack.
The adder bites you but does no damage.
You closely miss the adder.
The adder is lightly wounded.
You block the adder's attack.
You hit the adder.
The adder is moderately wounded.
The adder barely misses you. The adder bites you but does no damage.
You hit the adder.
The adder is heavily wounded.
You feel sick. The adder bites you.
* * * LOW HITPOINT WARNING * * *
The adder bites you.
You die...

### ####..# #.....###
###........ #.(@)......
#####.##S......
#.....#........ ####
#..............
#...###.####.#.......
#............#.......
#...#.....#..#.......
.###..###...###.#.......
.......#.....#..#


You could see an adder.

Vanquished Creatures
  A centaur (D:3)
  8 adders
  A shadow imp (D:2)
  3 oozes
  3 worms
  2 dart slugs (D:1)
  A leopard gecko (D:2)
  2 orcs (D:3)
  A ball python (D:2)
  5 giant cockroaches
  7 goblins
  9 hobgoblins
  10 kobolds
  7 bats
  4 frilled lizards
  A leopard gecko skeleton (D:2)
  4 rats (D:3)
69 creatures vanquished.

Notes
Turn   | Place    | Note
-------+----------+-------------------------------------------
     0 | D:1      | Faca the Human Fighter began the quest for the Orb.
     0 | D:1      | Reached XP level 1. HP: 18/18 MP: 1/1
    90 | D:1      | You fall into a shaft and drop 1 floor!
    96 | D:2      | Reached XP level 2. HP: 23/24 MP: 2/2
   121 | D:2      | Reached XP level 3. HP: 19/29 MP: 3/3
   879 | D:2      | Reached XP level 4. HP: 37/37 MP: 4/4
   936 | D:2      | Reached skill level 4 in Fighting
  1274 | D:2      | Reached XP level 5. HP: 31/42 MP: 5/5
  2359 | D:3      | Noticed a centaur
  2366 | D:3      | Killed a centaur
  2366 | D:3      | Reached skill level 5 in Fighting
  2366 | D:3      | Reached XP level 6. HP: 5/51 MP: 6/6
  2373 | D:3      | HP: 2/51 [adder (1)]
  2373 | D:3      | Slain by an adder

Levels and vault maps discovered:
D:1:      dpeg_arrival_radiant, layout_basic
D:2:      layout_basic, small_statue_intersection
D:3:      layout_rooms, portal_sewer_entry_e, serial_glass, glass_columns_a,
          glass_columns_c, due_unseen_surprise, minmay_strange_pillars,
          lemuel_another_geyser

Skill      XL: |  1  2  3  4  5 |
---------------+----------------+-----
Long Blades    | 3 4 |  4.5
Fighting       | 4 5 |  5.1
Armour         | |  3.0
Shields        | |  3.0

Action                   |  1- 3 |  4- 6 || total
-------------------------+-------+-------++-------
Melee: Long sword        |    65 |   145 ||   210
  Use: Scroll            |     5 |     2 ||     7
  Eat: Chunk             |       |     5 ||     5
Armor: Scale mail        |    22 |    64 ||    86
Dodge: Dodged            |    22 |    50 ||    72
Block: Kite shield       |    40 |    72 ||   112
       Rpst.: Long sword |     5 |    13 ||    18

Table legend:
 A = Non-vault XP
 B = Vault XP
 C = Vault XP percentage of total XP
 D = Non-vault monster count
 E = Vault monster count
 F = Vault count percentage of total count
                 A         B        C        D         E       F
            +---------+---------+-------+---------+---------+-------
      Total |     355 |       0 |   0.0 |      69 |       0 |   0.0
            +---------+---------+-------+---------+---------+-------
        D:1 |      41 |       0 |   0.0 |      20 |       0 |   0.0
        D:2 |     147 |       0 |   0.0 |      35 |       0 |   0.0
        D:3 |     167 |       0 |   0.0 |      14 |       0 |   0.0
            +---------+---------+-------+---------+---------+-------
